 Dungeon Crawl Stone Soup version 0.28-a0-909-g796cbd3a86 (webtiles) character file.

Game seed: 1217054813747480824

19271 siradein the Green Death (level 12, -13/75 HPs)
             Began as a Demonspawn Artificer on Nov 25, 2021.
             Was a High Priest of Fedhas.
             Mangled by a death scarab (19 damage)
             ... in a Gauntlet.
             The game lasted 00:34:04 (13350 turns).

siradein the Green Death (Demonspawn Artificer)    Turns: 13350, Time: 00:34:06

Health: -13/75     AC: 11    Str: 16    XL:     12   Next: 35%
Magic:  9/15       EV: 18    Int: 10    God:    Fedhas [*****.]
Gold:   768        SH:  6    Dex: 17    Spells: 9/11 levels left

rFire   . . .      SeeInvis .   r - +1 trident (venom)
rCold   + . .      Faith    +   S - +2 buckler
rNeg    . . .      Spirit   .   w - +3 troll leather armour {Pargi}
rPois   +          Reflect  .   (helmet restricted)
rElec   .          Harm     .   l - +1 cloak
rCorr   +          Rampage  .   D - +0 pair of gloves
Will    .....      Rage     9%  I - +0 pair of boots
Stlth   ++........ NoTele   +   A - amulet of faith
HPRegen 1.22/turn               x - ring of poison resistance
MPRegen 0.14/turn               f - ring of Dyekost {rC+ rCorr Dex+3}

@: slowed, unable to read, very slow
A: horns 2, repulsion field 2, demonic magic 3, [berserk 3], [deformed body],
[dopey 2], [frail 2], [low mp 2], [inability to read while threatened]
a: Renounce Religion, Wall of Briars, Grow Ballistomycete, Overgrow, Grow Oklob


You were in a Gauntlet.
You worshipped Fedhas.
Fedhas was extremely pleased with you.
You visited 2 branches of the dungeon, and saw 13 of its levels.
You also visited: Sewer and Gauntlet.

You collected 768 gold pieces.

Inventory:

Hand Weapons
 g - a +0 vorpal trident
 o - a +2 whip of flaming
 r - a +1 trident of venom (weapon)
 H - a +0 longbow
 O - the +2 short sword of the Evening {antimagic, rElec Str+2}
   (You took it off an orc warrior on level 8 of the Dungeon)

   It reduces the magical energy of the wielder, and disrupts the spells and
   magical abilities of those it strikes.
   Natural abilities and divine invocations are not affected.
   Str:       It affects your strength (+2).
   rElec:     It insulates you from electricity.
Missiles
 q - 6 throwing nets
 M - 160 arrows
Armour
 l - a +1 cloak (worn)
 w - a +3 troll leather armour (worn) {Pargi}
 D - a +0 pair of gloves (worn)
 I - a +0 pair of boots (worn)
 S - a +2 buckler (worn)
 T - +0 fire dragon scales
Jewellery
 f - the ring of Dyekost (right hand) {rC+ rCorr Dex+3}
   (You found it in a Gauntlet)

   [ring of resist corrosion]

   Dex:       It affects your dexterity (+3).
   rC:        It protects you from cold.
   rCorr:     It protects you from acid and corrosion.
 x - a ring of poison resistance (left hand)
 A - an amulet of faith (around neck)
 J - a +6 ring of intelligence
 Q - a ring of positive energy
 R - a ring of fire
Wands
 c - a wand of flame (33)
 d - a wand of charming (21)
 h - a wand of digging (6)
 y - a wand of mindburst (20)
 N - a wand of polymorph (4)
 W - a wand of iceblast (12)
Scrolls
 j - 2 scrolls of magic mapping
 n - a scroll of teleportation
 u - a scroll of vulnerability
 v - 3 scrolls of enchant weapon
 C - a scroll of holy word
 E - 2 scrolls of amnesia {unknown}
 G - a scroll of fear {unknown}
 K - a scroll of noise {unknown}
Potions
 a - a potion of berserk rage {unknown}
 b - 2 potions of attraction
 i - 2 potions of might
 k - 3 potions of lignification
 m - a potion of heal wounds {unknown}
 p - a potion of ambrosia {unknown}
 s - a potion of cancellation {unknown}
 t - 2 potions of invisibility
 z - 2 potions of brilliance
 B - 5 potions of resistance {unknown}
 F - 4 potions of curing
 L - 2 potions of degeneration {unknown}
 P - 2 potions of mutation
 V - a potion of flight {unknown}
Miscellaneous
 e - a piece from Xom's chessboard (15/15) (quivered)


   Skills:
 + Level 8.4 Fighting
 + Level 7.4 Polearms
 + Level 4.7 Bows
 + Level 7.7 Armour
 + Level 7.5 Dodging
 - Level 0.8 Stealth
 + Level 10.3 Invocations
 + Level 8.8 Evocations


You had 9 spell levels left.
You knew the following spells:

 Your Spells              Type           Power      Damage    Failure   Level
a - Blink                 Tloc           0%         N/A       75%         2

Your spell library contained the following spells:

 Spells                   Type           Power      Damage    Failure   Level
 Animate Skeleton         Necr           0%         N/A       58%         1
 Pain                     Necr           0%         1d4       58%         1
 Slow                     Hex            0%         N/A       58%         1
 Confusing Touch          Hex            0%         N/A       92%         3
 Gell's Gravitas          Tloc           0%         N/A       92%         3
 Lesser Beckoning         Tloc           0%         N/A       92%         3
 Teleport Other           Tloc           0%         N/A       92%         3
 Vampiric Draining        Necr           0%         2d6       92%         3
 Manifold Assault         Tloc           0%         N/A       100%        5
 Dispersal                Tloc           0%         N/A       100%        6
 Disjunction              Tloc           0%         N/A       100%        8


Dungeon Overview and Level Annotations

Branches:
Dungeon (11/15)            Temple (0/1) D:6            Lair (2/6) D:11
  Snake (0/4) Lair:2          Orc (0/2) D:10          Sewer (visited)
Gauntlet (1/1)
  Swamp: Lair:2-4    Shoals: Lair:2-4

Altars:
Cheibriados
Dithmenos
Fedhas
Gozag
Hepliaklqana
Qazlal
Uskayaw
Wu Jian
Xom
Yredelemnul
Zin
The Shining One
Lugonu

Annotations:
D:4 1 runed translucent door, Crazy Yiuf
D:7 2 transporters
Lair:1 3 runed translucent doors, Epnefrie's ghost, journeyman DjFE Gauntlet 9 transporters


Innate Abilities, Weirdness & Mutations

You have a pair of horns on your head.
You are surrounded by a moderate repulsion field. (EV +3)
Spells you cast and wands you use may paralyse nearby enemies.
[You have an uncontrollable temper.]
[Armour fits poorly on your strangely shaped body.]
[You are very dopey. (Int -4)]
[You are very frail. (-20% HP)]
[Your magical capacity is very low. (-20% MP)]
[You sometimes lose the ability to read scrolls when taking damage.]


Message History

P - 2 potions of mutation (gained 1)
The hell beast gives a hideous shriek!
The hell beast moans, "Give up, thou tasty meal!"
R - a ring of fire The hell hound barks!
You remove your ring of positive energy.
You feel agile.
f - the ring of Dyekost (right hand) {rC+ rCorr Dex+3} Your ballistomycete disappears in a puff of smoke!
There is a transporter here.
You enter the transporter and appear at another place.
There is a transporter here.
Okay, then.
You enter the transporter and appear at another place.
Okay, then.
Press: ? - help, Dir - move target An oklob plant grows from the ground.
The death scarab bites you but does no damage.
The death scarab bites you! The death scarab drains your vigour!
You feel yourself slow down.
The death scarab draws strength from your injuries!
The death scarab misses you. The death scarab bites you!!
The death scarab draws strength from your injuries!
The death scarab bites your oklob plant!
The death scarab misses you. You block the death scarab's attack.
You hit the death scarab but do no damage.
Your headbutt misses the death scarab. The death scarab bites you!
You feel threatened and lose the ability to read scrolls!
The death scarab drains your vigour!
You feel as though you will be slow longer.
The death scarab draws strength from your injuries!
The death scarab bites you but does no damage.
The death scarab bites you!!
* * * LOW HITPOINT WARNING * * *
The death scarab drains your vigour!
You feel as though you will be slow longer.
The death scarab draws strength from your injuries!
The death scarab bites you!!
You die...
Fedhas appreciates your contribution to the ecosystem.

##§#§#≈#≈#≈#≈#§####...
##...........§.§.#≈####
#≈.8......8............
##...............8.....
#≈...###########.......
##...#..|[©|...#...####
#≈...#.........#...#t.!
##...#.#######.#...#...
#≈...#@#P#.#.#.#...#..#
##.8.#BB..©....#.8.#..#
#≈...##.#.#.#.##...#.#.
##...#Z#######.#...#.##
#≈...#.Z.......#...#...
##...#.........#...####
#≈...###########.....#.
##......#.©.#........#.
##.8...#.8.#...8....#.


You could see a spectral death yak and 2 death scarabs.

Vanquished Creatures
  Harold (D:8)
  2 hydras
  Erica (D:10)
  A wretched star (Gauntlet)
  Psyche (D:8)
  5 cane toads (Lair:1)
  2 komodo dragons (Lair:1)
  2 trolls
  Prince Ribbit (D:9)
  A meliai zombie (D:10)
  5 blink frogs (Lair:1)
  A shadow (D:10)
  A wraith (D:11)
  A water elemental (D:11)
  27 yaks
  3 wyverns
  A small abomination (Gauntlet)
  An acid dragon (D:9)
  4 water moccasins
  Pargi (Sewer)
  10 orc warriors
  4 ice beasts
  A sky beast (D:7)
  2 hornet zombies (D:7)
  7 ogres (D:10)
  3 necrophages
  5 centaurs
  7 wolves
  2 phantoms (D:7)
  4 kobold brigands
  4 bullfrogs
  2 gnoll sergeants (D:10)
  2 wyvern zombies (D:8)
  3 scorpions
  11 killer bees
  4 electric eels
  5 howler monkeys
  3 bullfrog zombies
  3 centaur zombies
  3 jellies
  7 hounds
  6 orc priests
  2 iguanas
  A gnoll shaman (D:4)
  7 orc wizards
  2 killer bee zombies
  A hound zombie (D:5)
  A hound skeleton (D:4)
  8 adders
  12 gnolls
  An adder skeleton (D:4)
  A worm (D:4)
  4 dart slugs
  27 orcs
  8 endoplasms
  4 giant cockroaches
  6 goblins
  5 hobgoblins
  5 jackals
  4 quokkas
  7 ball pythons
  3 bats
  4 frilled lizards
  A jackal skeleton (D:4)
  14 kobolds
  13 rats
301 creatures vanquished.

Vanquished Creatures (collateral kills)
  15 ballistomycete spores
15 creatures vanquished.

Vanquished Creatures (others)
  An orc (D:11)
  A ballistomycete spore (Gauntlet)
  3 demonic plants (Gauntlet)
  A fungus (Lair:1)
  10 plants (Lair:1)
  3 withered plants (D:9)
19 creatures vanquished.

Grand Total: 335 creatures vanquished

Notes
Turn   | Place    | Note
-------+----------+-------------------------------------------
     0 | D:1      | siradein the Demonspawn Artificer began the quest for the
                  | Orb.
     0 | D:1      | Reached XP level 1. HP: 15/15 MP: 1/1
   285 | D:1      | Reached skill level 1 in Dodging
   334 | D:1      | Gained mutation: You are surrounded by a mild repulsion
                  | field. (EV +2) [demonic ancestry]
   334 | D:1      | Reached XP level 2. HP: 14/21 MP: 2/2
  1446 | D:2      | Gained mutation: You have a pair of small horns on your
                  | head. [demonic ancestry]
  1446 | D:2      | Reached XP level 3. HP: 25/26 MP: 3/3
  1502 | D:2      | Reached skill level 1 in Polearms
  1572 | D:2      | Found a blossoming altar of Fedhas.
  2189 | D:2      | Became a worshipper of Fedhas Madash
  2251 | D:3      | Found a faded altar of an unknown god.
  2356 | D:3      | Reached XP level 4. HP: 6/33 MP: 1/4
  2746 | D:3      | Found a snail-covered altar of Cheibriados.
  2910 | D:3      | Reached XP level 5. HP: 34/38 MP: 3/5
  3583 | D:4      | Reached * piety under Fedhas
  3672 | D:4      | Noticed a necrophage
  3707 | D:4      | Reached skill level 1 in Invocations
  3721 | D:4      | Killed a necrophage
  3722 | D:4      | Reached XP level 6. HP: 21/46 MP: 5/7
  3779 | D:4      | Reached skill level 2 in Invocations
  3937 | D:4      | Found a glowing drain.
  3949 | D:4      | Gained mutation: You are surrounded by a moderate repulsion
                  | field. (EV +3) [demonic ancestry]
  3949 | D:4      | Reached XP level 7. HP: 27/52 MP: 5/8
  3958 | Sewer    | Entered a sewer
  4107 | Sewer    | Reached ** piety under Fedhas
  4165 | Sewer    | Noticed Pargi
  4180 | Sewer    | Killed Pargi
  4334 | D:4      | Reached skill level 3 in Invocations
  5065 | D:4      | Found a runed translucent door.
  5066 | D:4      | Noticed Crazy Yiuf
  5114 | D:5      | Entered Level 5 of the Dungeon
  5348 | D:5      | Gained mutation: Spells you cast may paralyse adjacent
                  | enemies. [demonic ancestry]
  5348 | D:5      | Reached XP level 8. HP: 60/60 MP: 10/10
  5351 | D:5      | Learned a level 2 spell: Blink
  5369 | D:5      | Reached skill level 4 in Invocations
  5430 | D:5      | Reached skill level 5 in Evocations
  5696 | D:5      | Reached *** piety under Fedhas
  5726 | D:5      | Found an ornate altar of the Wu Jian Council.
  5885 | D:6      | Found a hide-covered altar of Uskayaw.
  6020 | D:6      | Reached skill level 5 in Invocations
  6100 | D:6      | Found a staircase to the Ecumenical Temple.
  6388 | D:7      | Gained mutation: You have a pair of horns on your head.
                  | [demonic ancestry]
  6388 | D:7      | Reached XP level 9. HP: 45/67 MP: 11/13
  6504 | D:7      | Reached skill level 5 in Fighting
  6643 | D:7      | Identified the +1 robe of Inviolability {Rampage rC++}
  6832 | D:7      | Found a transporter.
  6834 | D:7      | Found a transporter.
  6834 | D:7      | Noticed a green ugly thing
  6835 | D:7      | Noticed a green ugly thing
  6836 | D:7      | Found a corrupted altar of Lugonu.
  6837 | D:7      | Noticed a white ugly thing
  6874 | D:7      | Found an opulent altar of Gozag.
  6886 | D:7      | Reached skill level 5 in Armour
  7069 | D:7      | Reached skill level 6 in Invocations
  7522 | D:8      | Noticed Psyche
  7608 | D:8      | Killed Psyche
  7609 | D:8      | Reached skill level 5 in Dodging
  7611 | D:8      | Reached skill level 5 in Polearms
  7622 | D:8      | Identified the +2 short sword of the Evening {antimagic,
                  | rElec Str+2}
  7639 | D:8      | Reached **** piety under Fedhas
  7686 | D:8      | You fall into a shaft and drop 1 floor!
  7766 | D:8      | Reached skill level 7 in Invocations
  7814 | D:8      | Noticed Harold
  7843 | D:8      | Gained mutation: Spells you cast may paralyse nearby
                  | enemies. [demonic ancestry]
  7843 | D:8      | Reached XP level 10. HP: 76/76 MP: 15/15
  7847 | D:8      | Killed Harold
  7973 | D:8      | Identified the +3 whip of Sefamije {drain, Str+4}
  8425 | D:9      | Found a basalt altar of Yredelemnul.
  8490 | D:9      | Reached skill level 1 in Bows
  8789 | D:9      | Noticed Prince Ribbit
  8802 | D:9      | Killed Prince Ribbit
  9263 | D:10     | Entered Level 10 of the Dungeon
  9418 | D:10     | Reached skill level 8 in Invocations
  9449 | D:10     | Reached ***** piety under Fedhas
  9728 | D:10     | Noticed Erica
  9751 | D:10     | Killed Erica
  9752 | D:10     | Gained mutation: Spells you cast and wands you use may
                  | paralyse nearby enemies. [demonic ancestry]
  9752 | D:10     | Reached XP level 11. HP: 53/84 MP: 17/17
 10169 | D:10     | Found a hazy altar of Hepliaklqana.
 10169 | D:10     | Found a shadowy altar of Dithmenos.
 10176 | D:10     | Found a blossoming altar of Fedhas.
 10178 | D:10     | Found a shimmering altar of Xom.
 10180 | D:10     | Found a stormy altar of Qazlal.
 10386 | D:10     | Found a staircase to the Orcish Mines.
 10843 | D:11     | Noticed a seven-headed hydra
 10864 | D:11     | Killed a seven-headed hydra
 11045 | D:11     | Reached skill level 9 in Invocations
 11225 | D:11     | Found a staircase to the Lair.
 11699 | Lair:1   | Entered Level 1 of the Lair of Beasts
 12052 | Lair:1   | Noticed a seven-headed hydra
 12072 | Lair:1   | Found a runed translucent gate.
 12072 | Lair:1   | Found a runed translucent gate.
 12073 | Lair:1   | Found a runed translucent gate.
 12103 | Lair:1   | Killed a seven-headed hydra
 12104 | Lair:1   | Reached XP level 12. HP: 61/92 MP: 15/19
 12139 | Lair:1   | Noticed Epnefrie's ghost (journeyman DjFE)
 12301 | Lair:1   | Reached skill level 10 in Invocations
 13014 | Lair:1   | Reached ****** piety under Fedhas
 13038 | Lair:2   | Found a staircase to the Snake Pit.
 13051 | Lair:2   | Found a gate leading to a gauntlet.
 13060 | Gauntlet | Entered a Gauntlet
 13060 | Gauntlet | Found a transporter.
 13063 | Gauntlet | Found a transporter.
 13065 | Gauntlet | Found a transporter.
 13067 | Gauntlet | Noticed a hell beast
 13068 | Gauntlet | Found a transporter.
 13068 | Gauntlet | Found a transporter.
 13069 | Gauntlet | Found a transporter.
 13078 | Gauntlet | Found a transporter.
 13081 | Gauntlet | Found a transporter.
 13104 | Gauntlet | Found the ring of the Mage {Wiz Will++ Int+3}
 13153 | Gauntlet | Found a transporter.
 13156 | Gauntlet | Found a transporter.
 13160 | Gauntlet | Found a transporter.
 13163 | Gauntlet | Noticed a death scarab
 13170 | Gauntlet | Noticed a death scarab
 13178 | Gauntlet | Found a transporter.
 13252 | Gauntlet | Identified the ring of Dyekost {rC+ rCorr Dex+3}
 13260 | Gauntlet | HP: 3/75 [wretched star/lance of force (24)]
 13260 | Gauntlet | HP: 1/75 [translucent stone wall collision (2)]
 13350 | Gauntlet | Mangled by a death scarab

Illustrated notes

Levels and vault maps discovered:
D:1:      lightli_arrival_quake, layout_loops_ring
D:2:      layout_loops_cross, basic_altar, minmay_misc_feat_doors
D:3:      minmay_diamond_boxcup, layout_basic, lemuel_doored_altar,
          dreamdust_ecumenical_altar_hidden_monk_grotto
D:4:      layout_cave_pods, portal_sewer_entry_a, st_stairs_5, minmay_vboxes,
          uniq_crazy_yiuf_cottage
D:5:      layout_cave_pools, mainiacjoe_overflow_two_lobes
D:6:      layout_basic, mainiacjoe_overflow_24_doors
D:7:      gammafunk_corrupted_shrine, layout_basic, nicolae_gozag_seed_capital,
          chequers_serial_rivers_micro_e, minmay_misc_feat_alley
D:8:      layout_loops_ring, grunt_decor_junction, uniq_psyche, uniq_harold
D:9:      layout_stronghold, yredelemnul_altar_generic,
          overflow_temple_1_default, uniq_prince_ribbit1
D:10:     layout_roguey, chequers_temple_overflow_minitemple,
          kennysheep_orc_monster_closet_entryway, uniq_erica
D:11:     layout_loops_corners, erik_lair_island
Lair:1:   layout_chaotic_city, gammafunk_ghost_necromancy, grunt_megastairs_2,
          serial_bayou_shore_a
Lair:2:   dreamdust_isle_of_ice, layout_misc_corridors, dummy_snake_entry,
          gauntlet_entry_generic, minmay_stone_trees_small, worms_lemuel
Gauntlet: minmay_gauntlet_mixed_oops_all_seconds
          [minmay_gauntlet_arena_77_squiggly, gammafunk_gauntlet_arena_crates,
          minmay_gauntlet_arena_77_museum, gammafunk_gauntlet_arena_spirals,
          minmay_gauntlet_arena_77_hold_the_fort,
          gammafunk_gauntlet_arena_teeth, gauntlet_exit_green]

Skill      XL: |  1  2  3  4  5  6  7  8  9 10 11 12 |
---------------+-------------------------------------+-----
Dodging        | 1 2 3 4 5 6 7 |  7.5
Armour         | 2 3 4 5 6 7 |  7.7
Polearms       | 1 2 3 4 5 6 7 |  7.4
Fighting       | 2 3 4 6 7 8 |  8.4
Invocations    | 1 2 3 5 7 8 9 10 | 10.3
Evocations     | 4 5 6 7 8 |  8.8
Bows           | 2 4 |  4.7
Stealth        | |  0.8

Action                   |  1- 3 |  4- 6 |  7- 9 | 10-12 || total
-------------------------+-------+-------+-------+-------++-------
Melee: Trident           |   116 |   148 |   388 |   682 ||  1334
       Headbutt          |     6 |    25 |    72 |   158 ||   261
       Whip              |       |       |    46 |       ||    46
       Unarmed           |       |       |     1 |       ||     1
       Short sword       |       |       |       |    31 ||    31
Throw: Dart              |       |       |     3 |    10 ||    13
Invok: Grow Ballistomyce |       |       |       |     4 ||     4
       Wall of Briars    |       |       |       |     1 ||     1
       Grow Oklob        |       |       |       |     1 ||     1
Evoke: Wand              |     2 |       |       |       ||     2
       Piece from Xom's  |       |       |     2 |     3 ||     5
  Use: Potion            |     1 |     1 |       |       ||     2
       Scroll            |       |       |    14 |     2 ||    16
 Stab: Sleeping          |       |       |       |     6 ||     6
Armor: Leather armour    |     8 |       |       |       ||     8
       Scale mail        |    25 |    60 |    19 |       ||   104
       Troll leather arm |       |       |   121 |   190 ||   311
       Skin              |       |       |       |     2 ||     2
Dodge: Dodged            |    51 |    88 |   363 |   535 ||  1037
Block: Kite shield       |       |       |       |    32 ||    32
       Buckler           |       |       |       |   137 ||   137

Table legend: (Time is in decaauts)
 A = Elapsed time spent in this place.
 B = Non-inter-level travel time spent in this place.
 C = Inter-level travel time spent in this place.
 D = Time resting spent in this place.
 E = Time spent auto-exploring this place.
 F = Levels seen in this place.
 G = Mean time per level.
                   A        B        C        D        E       F      G
               +--------+--------+--------+--------+--------+-----+--------+
         Total |  13511 |  13097 |    414 |    372 |   9096 |  15 |  900.7 |
       Dungeon |  11529 |  11148 |    381 |    274 |   7871 |  11 | 1048.1 |
          Lair |   1331 |   1298 |     33 |     37 |    805 |   2 |  665.5 |
         Sewer |    361 |    361 |      0 |      0 |    281 |   1 |  361.0 |
      Gauntlet |    290 |    290 |      0 |     61 |    138 |   1 |  290.0 |
               +--------+--------+--------+--------+--------+-----+--------+

Top non-repeatable levels by time:
     D:1: 1506 daAuts
     D:3: 1446 daAuts
    D:10: 1287 daAuts
  Lair:1: 1285 daAuts
     D:4: 1218 daAuts
    D:11: 1211 daAuts
     D:9: 1099 daAuts
     D:7: 1054 daAuts
     D:8: 830 daAuts
     D:2: 671 daAuts
     D:5: 656 daAuts
     D:6: 547 daAuts
   Sewer: 361 daAuts
Gauntlet: 290 daAuts
  Lair:2: 45 daAuts
